[Event "Team 45 45 League T32"]
[Site "Internet Chess Club"]
[Date "2007.01.27"]
[Round "2"]
[White "Just-Jim"]
[Black "seldredg"]
[Result "1-0"]
[WhiteElo "1433"]
[BlackElo "1319"]
[ECO "B01"]
[TimeControl "2700+45"]

1. e4 d5 2. exd5 Qxd5 3. Nc3 Qd6 4. Nf3 a6 5. Bc4 b5 6. Bd5 Nc6 7. d3 e6 8.
Bxc6+ Qxc6 9. O-O Nf6 10. Bf4 Bb7 11. Re1 Bd6 12. Bxd6 Qxd6 13. Ne4 Qe7 14. c4
Rd8 15. Qc2 Nxe4 16. dxe4 O-O 17. cxb5 axb5 18. Qe2 Ba6 19. a4 c6 20. axb5 Bxb5
21. Qc2 Rd6 22. Re3 e5 23. h3 f5 24. Rea3 f4 25. Qb3+ Qe6 26. Qxe6+ Rxe6 27. Ra8
Bd3 28. Rxf8+ Kxf8 29. Ra8+ Kf7 30. Ng5+ Kf6 31. Nxe6 Kxe6 32. f3 h5 33. Rc8 Bb5
34. Kh2 g6 35. g3 g5 36. gxf4 exf4 37. Re8+ Kf7 38. Re5 Kf6 39. Rf5+ Kg6 40. h4
Be2 41. Rxg5+ Kh6 42. Rf5 Bxf3 43. Rxf4 Bg4 44. e5 Bd7 45. Kg3 c5 46. Rc4 Kg6
47. Rxc5 Kf5 48. e6+ Kxe6 49. Rxh5 Kf6 50. Rg5 Be6 51. Kf4 Bd7 52. h5 Bf5 53. h6
Bg6 54. b4 Kf7 55. b5 {Black resigns} 1-0

[Event "Team 45 45 League T32"]
[Site "Internet Chess Club"]
[Date "2007.01.29"]
[Round "2"]
[White "BarryNL"]
[Black "dcuprill"]
[Result "1/2-1/2"]
[WhiteElo "1411"]
[BlackElo "1255"]
[ECO "C89"]
[TimeControl "2700+45"]

1. e4 e5 2. Nf3 Nc6 3. Bb5 a6 4. Ba4 Nf6 5. O-O Be7 6. Re1 b5 7. Bb3 O-O 8. c3
d5 9. exd5 Nxd5 10. Nxe5 Nxe5 11. Rxe5 c6 12. Bxd5 cxd5 13. d4 Bd6 14. Re1 Qh4
15. g3 Qh3 16. Qf3 Bg4 17. Qg2 Qxg2+ 18. Kxg2 Rfe8 19. Be3 Ra7 20. Nd2 Rae7 21.
Nf3 Bxf3+ 22. Kxf3 Re6 23. Kg2 a5 24. Re2 b4 25. cxb4 Bxb4 26. a3 {Game drawn by
mutual agreement} 1/2-1/2

[Event "Team 45 45 League T32"]
[Site "Internet Chess Club"]
[Date "2007.01.24"]
[Round "2"]
[White "peterts"]
[Black "thalamus"]
[Result "0-1"]
[WhiteElo "1031"]
[BlackElo "1303"]
[ECO "C77"]
[TimeControl "2700+45"]

1. e4 e5 2. Nf3 Nc6 3. Bb5 a6 4. Ba4 Nf6 5. Nc3 b5 6. Bb3 Bb4 7. Bxf7+ Kxf7 8.
Ng5+ Ke8 9. Nd5 Nxd5 10. O-O Qxg5 11. d3 Nf4 12. g3 d6 13. h4 Qg4 14. c3 Bc5 15.
d4 Qxd1 16. Rxd1 Ne2+ 17. Kf1 Nxc1 18. Raxc1 Ba7 19. d5 Ne7 20. Rd2 Rf8 21. Ke1
Bd7 22. Kd1 Bg4+ 23. Kc2 Kd7 24. Kb1 Bxf2 25. Rcc2 Bxg3 26. Rg2 Rf3 27. Rc1 Raf8
28. b4 R8f4 29. Kb2 Rxe4 30. Kb3 Ng6 31. Rcg1 Ree3 32. Kb2 Nxh4 33. Rc2 Bf5 34.
Rcc1 g6 35. Kb3 Rd3 36. a3 Be4 37. a4 Bxd5+ 38. Kb2 e4 39. axb5 axb5 40. Ra1 Bc4
41. Rad1 Rxd1 42. Rxd1 Be5 43. Rh1 g5 44. Rg1 h6 45. Rg4 d5 46. Rg1 e3 47. Rxg5
hxg5 48. Kc2 e2 49. Kb2 e1=Q 50. Kc2 Qe2+ 51. Kc1 Rf1# {White checkmated} 0-1

[Event "Team 45 45 League T32"]
[Site "Internet Chess Club"]
[Date "2007.01.28"]
[Round "2"]
[White "Fogbound"]
[Black "SeanT"]
[Result "0-1"]
[WhiteElo "1387"]
[BlackElo "1444"]
[ECO "D03"]
[TimeControl "2700+45"]

1. d4 d5 2. Nf3 Nf6 3. Bg5 Nbd7 4. e3 e6 5. Bd3 c5 6. c3 Be7 7. Nbd2 b6 8. O-O
Bb7 9. Ne5 Qc7 10. f4 h6 11. Bh4 Nxe5 12. fxe5 Ng8 13. Rxf7 O-O-O 14. Qg4 g5 15.
Bg3 Qd7 16. Bf5 exf5 17. Rxf5 h5 18. Qf3 Nh6 19. e6 Qxe6 20. Re5 Qd7 21. a4 g4
22. Qd1 Nf7 23. a5 Nxe5 24. axb6 axb6 25. Bxe5 Rhf8 26. Qb3 Bd6 27. Bg7 Qxg7 28.
Qxb6 Qc7 29. Qb3 Bxh2+ 30. Kh1 Rf2 31. Ne4 dxe4 32. Qe6+ Kb8 33. Qb3 Qg3 {White
resigns} 0-1

[Event "Team 45 45 League T32"]
[Site "Internet Chess Club"]
[Date "2007.01.29"]
[Round "2"]
[White "LittleBunny"]
[Black "ffplayer"]
[Result "1-0"]
[WhiteElo "1296"]
[BlackElo "1170"]
[ECO "C55"]
[TimeControl "2700+45"]

1. e4 e5 2. Nf3 Nc6 3. Bc4 Nf6 4. Nc3 Bc5 5. O-O d6 6. h3 O-O 7. a4 Nd4 8. d3
Be6 9. b3 Bxc4 10. dxc4 Nxf3+ 11. Qxf3 a6 12. Bd2 Bd4 13. Rab1 Bxc3 14. Bxc3 b5
15. Rfe1 bxc4 16. bxc4 Qd7 17. Ra1 c5 18. Qg3 Qc6 19. f3 Nh5 20. Qg4 Nf4 21. g3
Ne6 22. f4 exf4 23. gxf4 Nd4 24. f5 g6 25. Ra2 Qd7 26. fxg6 fxg6 27. Qxd7 Rad8
28. Qg4 Rf3 29. Bd2 Rdf8 30. c3 Nb3 31. Qe6+ R8f7 32. Qxd6 Nxd2 33. Qxd2 Rg3+
34. Kh2 Rff3 35. Qd5+ Kg7 36. Qe5+ Kh6 37. Qxg3 Rxg3 38. Kxg3 {Black resigns}
1-0

[Event "Team 45 45 League T32"]
[Site "Internet Chess Club"]
[Date "2007.01.27"]
[Round "2"]
[White "fabill"]
[Black "slakkjaw"]
[Result "1-0"]
[WhiteElo "1222"]
[BlackElo "1210"]
[ECO "D00"]
[TimeControl "2700+45"]

1. d4 d5 2. h3 c5 3. e3 Nf6 4. Nc3 Nc6 5. b3 e5 6. dxe5 Nxe5 7. Bb2 Bd6 8. Nf3
d4 9. exd4 Nxf3+ 10. Qxf3 Qe7+ 11. Be2 O-O 12. dxc5 Bxc5 13. Na4 Rb8 14. Bxf6
Qxf6 15. Qxf6 Bb4+ 16. c3 gxf6 17. cxb4 Re8 18. Kf1 b6 19. Nc3 Bb7 20. f3 Re3
21. Nd1 Re7 22. Kf2 Rbe8 23. Re1 Ba6 24. Nc3 Bc8 25. Ne4 Ba6 26. Nxf6+ Kf8 27.
Nxe8 Rxe8 28. Bxa6 {Black resigns} 1-0

[Event "Team 45 45 League T32"]
[Site "Internet Chess Club"]
[Date "2007.01.27"]
[Round "2"]
[White "hotzoddy"]
[Black "DayDream01"]
[Result "0-1"]
[WhiteElo "1159"]
[BlackElo "1103"]
[ECO "C48"]
[TimeControl "2700+45"]

1. e4 e5 2. Nc3 Nf6 3. Nf3 Nc6 4. Bb5 a6 5. Bxc6 dxc6 6. Nxe5 Bb4 7. Qf3 Qd4 8.
Nxf7 Kxf7 9. O-O Re8 10. d3 Bxc3 11. bxc3 Qxc3 12. Bg5 Kg8 13. Bxf6 Qxf6 14.
Qxf6 gxf6 15. Rfe1 Re5 16. c4 Rh5 17. d4 c5 18. e5 fxe5 19. dxe5 Be6 20. Rac1
Rd8 21. f4 Rd4 22. g3 Bxc4 23. e6 Kf8 24. e7+ Ke8 25. a3 b5 26. g4 Rh4 27. h3
Rxh3 28. Kg2 Rdd3 29. Rh1 Bd5+ 30. Kf2 Bxh1 31. Rxc5 Rhf3+ 32. Ke2 Rd7 33. Rh5
Rxe7+ 34. Kd2 Rf2+ 35. Kc3 Bd5 36. Rxd5 Rxf4 37. g5 Re3+ 38. Kd2 Rg3 39. Ke2 Rg1
40. Rc5 Ra4 41. Rxc7 Rxa3 42. Kf2 Rga1 43. Rxh7 Rb3 44. Rh8+ Kd7 45. Rh7+ Kc6
46. g6 Ra2+ 47. Ke1 Rb1# {White checkmated} 0-1

[Event "Team 45 45 League T32"]
[Site "Internet Chess Club"]
[Date "2007.01.28"]
[Round "2"]
[White "Budzo"]
[Black "fredd"]
[Result "1-0"]
[WhiteElo "1782"]
[BlackElo "1610"]
[ECO "D02"]
[TimeControl "2700+45"]

1. Nf3 d5 2. d4 Nf6 3. c4 Bg4 4. Qb3 Nc6 5. Qxb7 Bd7 6. cxd5 Rb8 7. Qa6 Nxd5 8.
e4 Ncb4 9. Qc4 Bb5 10. Qb3 Bxf1 11. Kxf1 Nf6 12. Nc3 e6 13. Qa4+ Nd7 14. Ke2 c6
15. a3 Nb6 16. Qd1 Na6 17. Re1 Be7 18. Bf4 Bd6 19. Bxd6 Qxd6 20. Kf1 Nd7 21. b4
O-O 22. Kg1 Qf4 23. Qd2 Qd6 24. Rac1 f5 25. exf5 exf5 26. Qa2+ Kh8 27. Qe6 Qxe6
28. Rxe6 Rb6 29. Na4 Rb7 30. Rcxc6 Nc7 31. Re7 Nd5 32. Re1 N7f6 33. Nc3 Nxc3 34.
Rxc3 Nd5 35. Rc5 Nf4 36. Ne5 g6 37. Kf1 Ne6 38. Rc4 Nc7 39. Rec1 Nb5 40. a4 Nd6
41. Rc6 Nf7 42. Nxf7+ Rfxf7 43. b5 Rfe7 44. d5 Re4 45. d6 Rxa4 46. Rc8+ Kg7 47.
R8c7+ Rxc7 48. dxc7 {Black resigns} 1-0

[Event "Team 45 45 League T32"]
[Site "Internet Chess Club"]
[Date "2007.01.25"]
[Round "2"]
[White "jlowe"]
[Black "wfreeman"]
[Result "1-0"]
[WhiteElo "1559"]
[BlackElo "1532"]
[ECO "B06"]
[TimeControl "2700+45"]

1. e4 g6 2. d4 Bg7 3. Nc3 c6 4. Nf3 d5 5. Bd3 Nf6 6. e5 Nfd7 7. O-O Nb6 8. Bg5
N8d7 9. Qd2 c5 10. dxc5 Nxc5 11. Bh6 O-O 12. Bxg7 Kxg7 13. Rfe1 Bg4 14. Nd4 Ne6
15. Nxe6+ Bxe6 16. Rad1 Bg4 17. Be2 Bxe2 18. Nxe2 e6 19. Nd4 Nc4 20. Qe2 Nxb2
21. Rb1 Qb6 22. c3 Na4 23. Rxb6 axb6 24. Qc2 Rfc8 25. Re3 Rc4 26. Qd2 Rac8 27.
Nb5 R8c5 28. Nd6 Rxc3 29. Rxc3 Nxc3 30. Nxb7 Ne2+ 31. Kf1 Ng1 {Black resigns}
1-0

[Event "Team 45 45 League T32"]
[Site "Internet Chess Club"]
[Date "2007.01.27"]
[Round "2"]
[White "Mutaant"]
[Black "MathWorker"]
[Result "1/2-1/2"]
[WhiteElo "1471"]
[BlackElo "1501"]
[ECO "B01"]
[TimeControl "2700+45"]

1. e4 d5 2. Nc3 d4 3. Nce2 e5 4. Nf3 Nc6 5. Ng3 Bd6 6. Bb5 Ne7 7. d3 Bd7 8. O-O
a6 9. Ba4 b5 10. Bb3 Na5 11. Bg5 Nxb3 12. axb3 O-O 13. Nh4 f6 14. Bd2 c5 15. f4
exf4 16. Bxf4 Bxf4 17. Rxf4 g5 18. Rg4 Bxg4 19. Qxg4 Qc8 20. Nhf5 Ng6 21. Qh5
Nf4 22. Qh6 Qd7 23. Rf1 Ra7 24. h4 Kh8 25. hxg5 fxg5 26. Qxg5 Ng6 27. Nh5 Qd8
28. Qh6 Raf7 29. Nhg7 Qd7 30. Nh5 Nh4 31. g4 Nxf5 32. gxf5 Rg8+ 33. Kf2 Rg6 34.
Qf4 Qd6 35. Qh4 Qf8 36. Ke2 Rh6 37. Rh1 Qg8 38. Rh2 Qg1 39. Qf4 Kg8 40. Kf3 Qf1+
41. Rf2 Qh3+ 42. Ng3 Rg6 43. Qb8+ Rf8 44. Qe5 h5 45. Qd5+ Kg7 46. Qe5+ Kg8 47.
Qd5+ Kg7 48. Qe5+ Kg8 {Game drawn by repetition} 1/2-1/2

[Event "Team 45 45 League T32"]
[Site "Internet Chess Club"]
[Date "2007.01.29"]
[Round "2"]
[White "jharris8000"]
[Black "PaleMorningDun"]
[Result "1-0"]
[WhiteElo "1579"]
[BlackElo "1576"]
[ECO "A45"]
[TimeControl "2700+45"]

1. d4 Nf6 2. e3 g6 3. Bd3 Bg7 4. f4 d6 5. Nf3 O-O 6. O-O c5 7. c4 cxd4 8. exd4
Nc6 9. Nc3 Bg4 10. Be2 Bxf3 11. Bxf3 Qb6 12. Bxc6 Qxc6 13. b3 b5 14. Nxb5 d5 15.
Qf3 Ne4 16. Be3 a6 17. cxd5 Qxb5 18. Qxe4 Rfd8 19. Rac1 Rxd5 20. Rc5 Rxc5 21.
Qxa8+ Bf8 22. dxc5 Qe2 23. Bf2 h5 24. c6 Qe4 25. Qb7 Bg7 26. Qb8+ Kh7 27. c7 h4
28. c8=Q e6 29. Qbb7 Qxf4 30. Qf3 Qd2 31. Qxf7 {Black resigns} 1-0

[Event "Team 45 45 League T32"]
[Site "Internet Chess Club"]
[Date "2007.01.26"]
[Round "2"]
[White "twinders"]
[Black "Ernie1"]
[Result "0-1"]
[WhiteElo "1657"]
[BlackElo "1672"]
[ECO "D43"]
[TimeControl "2700+45"]

1. d4 c6 2. c4 d5 3. Nc3 Nf6 4. Nf3 e6 5. Bg5 Bb4 6. e3 Qa5 7. Bxf6 Bxc3+ 8.
bxc3 Qxc3+ 9. Nd2 gxf6 10. cxd5 exd5 11. Be2 Rg8 12. Bf3 Qd3 13. Qa4 Bg4 14. Qb3
Qxb3 15. Nxb3 Bxf3 16. gxf3 Nd7 17. Na5 Rb8 18. Rb1 Nb6 19. Ke2 Kd7 20. Kd3 Rg2
21. Rb2 Kc7 22. Ke2 Rbg8 23. Rbb1 R8g6 24. h3 Rg8 25. Kf1 R2g5 26. Ke2 Rb8 27.
Rhg1 Nc4 28. Nxc4 dxc4 29. Rg4 b5 30. a3 a5 31. h4 Rxg4 32. fxg4 Kd6 33. f4 h6
34. Kf3 c5 35. g5 fxg5 36. fxg5 hxg5 37. hxg5 b4 38. dxc5+ Kxc5 39. axb4+ axb4
40. Ke4 Re8+ 41. Kf3 c3 42. Ke2 Rd8 43. Rf1 Rd2+ 44. Ke1 Rd7 45. Ke2 Kc4 46. e4
b3 47. e5 b2 48. e6 fxe6 49. g6 c2 50. Rf4+ Kb3 51. Rf7 c1=Q 52. Rxd7 b1=Q 53.
Rb7+ Ka2 54. Rxb1 Qxb1 55. g7 Qg6 {White resigns} 0-1

[Event "Team 45 45 League T32"]
[Site "Internet Chess Club"]
[Date "2007.01.27"]
[Round "2"]
[White "Warpdrive"]
[Black "AAWegerif"]
[Result "1-0"]
[WhiteElo "1644"]
[BlackElo "1787"]
[ECO "C41"]
[TimeControl "2700+45"]

1. e4 e5 2. Nf3 d6 3. Be2 Nf6 4. Nc3 Be7 5. d4 exd4 6. Nxd4 Nbd7 7. O-O Nc5 8.
Bb5+ Bd7 9. Bxd7+ Qxd7 10. f3 h6 11. Nf5 Ne6 12. Nxe7 Qxe7 13. Nd5 Nxd5 14. exd5
O-O 15. dxe6 Qxe6 16. Re1 Qf6 17. c3 a5 18. Be3 a4 19. Bd4 Qg5 20. Re4 f5 21.
Re6 Rae8 22. Qe2 Rxe6 23. Qxe6+ Kh7 24. Re1 Qh5 25. Qe7 Rf7 26. Qe8 c5 27. Re7
Rxe7 28. Qxh5 g6 29. Qh4 g5 30. Qf2 cxd4 31. Qxd4 Re2 32. Qxd6 Rxb2 33. Qd7+ Kg6
34. Qxa4 f4 35. Qe4+ Kh5 36. Qe8+ Kh4 37. Qe6 Rb1+ 38. Kf2 Rb2+ 39. Ke1 Rxg2 40.
Qxh6# {Black checkmated} 1-0

[Event "Team 45 45 League T32"]
[Site "Internet Chess Club"]
[Date "2007.01.25"]
[Round "2"]
[White "GolfSuper"]
[Black "tryanything"]
[Result "1-0"]
[WhiteElo "1563"]
[BlackElo "1646"]
[ECO "C92"]
[TimeControl "2700+45"]

1. e4 e5 2. Nf3 Nc6 3. Bb5 a6 4. Ba4 b5 5. Bb3 Nf6 6. O-O Be7 7. Re1 O-O 8. c3
d6 9. h3 Bb7 10. d4 exd4 11. cxd4 Na5 12. Bc2 Re8 13. Nbd2 Rb8 14. b3 Bf8 15.
Bb2 b4 16. d5 c5 17. Rb1 Rc8 18. Nc4 Nxc4 19. bxc4 g6 20. e5 dxe5 21. Nxe5 Rc7
22. Re3 Bd6 23. Ba4 Nd7 24. Bxd7 Rxe5 25. Bxe5 Rxd7 26. Bxd6 Rxd6 27. Qe2 Qc7
28. Re8+ Kg7 29. Qe5+ Kh6 30. Re7 {Black resigns} 1-0

[Event "Team 45 45 League T32"]
[Site "Internet Chess Club"]
[Date "2007.01.27"]
[Round "2"]
[White "FiendAngelical"]
[Black "strudel"]
[Result "1-0"]
[WhiteElo "1646"]
[BlackElo "1544"]
[ECO "B01"]
[TimeControl "2700+45"]

1. e4 d5 2. exd5 Qxd5 3. Nc3 Qa5 4. d4 Nf6 5. Nf3 Bf5 6. Bc4 e6 7. Bd2 c6 8. Qe2
Bb4 9. Ne5 Qd8 10. g4 Bxc2 11. Nxf7 Qe7 12. Nxh8 Bxc3 13. Bxc3 Be4 14. f3 Bd5
15. Bxd5 cxd5 16. g5 Nfd7 17. h4 Nc6 18. O-O-O O-O-O 19. Rde1 Nf8 20. f4 Re8 21.
f5 Nd8 22. Rhf1 a6 23. f6 gxf6 24. gxf6 Qd6 25. f7 Re7 26. Qg4 Qc7 27. Qg8 Nxf7
28. Nxf7 {Black resigns} 1-0

[Event "Team 45 45 League T32"]
[Site "Internet Chess Club"]
[Date "2007.01.28"]
[Round "2"]
[White "Millwright"]
[Black "ChessZak"]
[Result "0-1"]
[WhiteElo "1411"]
[BlackElo "1502"]
[ECO "B21"]
[TimeControl "2700+45"]

1. e4 c5 2. d4 cxd4 3. c3 dxc3 4. Nxc3 Nc6 5. Nf3 g6 6. Bc4 Bg7 7. O-O d6 8. Bf4
Nf6 9. e5 Nh5 10. Bg3 Nxg3 11. hxg3 Nxe5 12. Bb3 O-O 13. Qc2 Bg4 14. Nxe5 Bxe5
15. Rac1 Bxc3 16. Qxc3 Rc8 17. Qb4 Rxc1 18. Rxc1 Qd7 19. Ba4 Qe6 20. Qxb7 Qxa2
21. Bb3 Qa5 22. Rc7 Qe1+ 23. Kh2 Qxf2 24. Rxe7 h5 25. Qxa7 Qxa7 26. Rxa7 Be6 27.
Bxe6 fxe6 28. Rd7 d5 29. Rd6 Kf7 30. Rb6 Rd8 31. Kg1 d4 32. Kf1 e5 33. Ke2 e4
{White resigns} 0-1

[Event "Team 45 45 League T32"]
[Site "Internet Chess Club"]
[Date "2007.01.25"]
[Round "2"]
[White "Fidelian"]
[Black "schweppz"]
[Result "0-1"]
[WhiteElo "1330"]
[BlackElo "1372"]
[ECO "B01"]
[TimeControl "2700+45"]

1. e4 d5 2. exd5 Nf6 3. Nc3 g6 4. Bc4 Bg7 5. Nf3 O-O 6. O-O Re8 7. Ng5 e6 8.
dxe6 Bxe6 9. b3 Bxc4 10. bxc4 Nc6 11. Re1 Rxe1+ 12. Qxe1 Nd4 13. Qd1 c5 14. d3
Nh5 15. Rb1 Qe7 16. Be3 b6 17. Nd5 Qd7 18. c3 Nf5 19. g4 Nxe3 20. Nxe3 Nf6 21.
Qf3 h6 22. Qxa8+ Bf8 23. Ne4 Nxe4 24. Qxe4 Bg7 25. Rc1 Qa4 26. Nd5 Kh7 27. h4
Qa3 28. h5 Qxc1+ 29. Kg2 Qg5 30. hxg6+ fxg6 31. f3 Qd2+ 32. Kg3 Qxa2 33. Nf4 Qa1
34. Nxg6 Qg1+ 35. Kf4 Qc1+ 36. Kf5 Qg5+ 37. Ke6 Qxg6+ 38. Qxg6+ Kxg6 {White
resigns} 0-1

[Event "Team 45 45 League T32"]
[Site "Internet Chess Club"]
[Date "2007.01.26"]
[Round "2"]
[White "tmac63"]
[Black "uipawn"]
[Result "0-1"]
[WhiteElo "1183"]
[BlackElo "1119"]
[ECO "D02"]
[TimeControl "2700+45"]

1. d4 d5 2. Nf3 Nc6 3. Bf4 e6 4. e3 Bd6 5. Bb5 Bxf4 6. exf4 a6 7. Ba4 b5 8. Bb3
a5 9. Qd3 Ba6 10. O-O a4 11. a3 axb3 12. cxb3 b4 13. Qe3 Bxf1 14. Kxf1 Nf6 15.
Nbd2 Ng4 16. Qd3 O-O 17. Ng5 g6 18. Qh3 h5 19. Re1 bxa3 20. bxa3 Rxa3 21. f3 Nf6
22. Rc1 Nxd4 23. g4 Qc8 24. Re1 Qa6+ 25. Kf2 Ra1 26. f5 exf5 27. gxf5 Nxf5 28.
f4 Qb6+ 29. Kf1 Qe3 30. Ndf3 Rxe1+ 31. Kg2 Qe2# {White checkmated} 0-1

[Event "Team 45 45 League T32"]
[Site "Internet Chess Club"]
[Date "2007.01.30"]
[Round "2"]
[White "WCB"]
[Black "therookery"]
[Result "0-1"]
[WhiteElo "1075"]
[BlackElo "1226"]
[ECO "A07"]
[TimeControl "2700+45"]

1. Nf3 d5 2. g3 Nf6 3. Bg2 e6 4. d3 Bb4+ 5. Nbd2 Bxd2+ 6. Bxd2 O-O 7. O-O Nc6 8.
a3 Re8 9. Re1 b6 10. c3 Bb7 11. Qc2 e5 12. d4 exd4 13. Nxd4 Nxd4 14. cxd4 c6 15.
h3 Re6 16. e3 Rc8 17. Rac1 Qd7 18. f3 c5 19. Qd3 c4 20. Qc3 Qd6 21. f4 Ne4 22.
Bxe4 dxe4 23. Qb4 Qxb4 24. Bxb4 a5 25. Bc3 f5 26. Kg2 Rg6 27. Rh1 h5 28. h4 Rcc6
29. Rcd1 Rg4 30. d5 Rd6 31. Bd4 b5 32. Bc5 Rxd5 33. Bb6 a4 34. Ba5 Rg6 35. Kf2
Kf7 36. Bb4 Rxd1 37. Rxd1 Bc6 38. b3 cxb3 39. Kg2 Bb7 40. Rd7+ Ke8 41. Rxb7 b2
42. Rxb5 b1=Q 43. Re5+ Kf7 44. Rxf5+ Kg8 45. Rf8+ Kh7 46. Bc3 Qc2+ 47. Kh3 Qxc3
48. Rf5 Qxe3 49. Rxh5+ Kg8 50. Rg5 Rxg5 51. hxg5 Qxa3 52. Kg4 Qf3+ 53. Kf5 e3
54. Ke5 e2 55. f5 e1=Q+ 56. Kd6 Qd3+ 57. Kc5 Qc1+ 58. Kb6 Qb3+ 59. Ka5 Qc7+ 60.
Ka6 Qbb6# {White checkmated} 0-1

[Event "Team 45 45 League T32"]
[Site "Internet Chess Club"]
[Date "2007.01.25"]
[Round "2"]
[White "guyd52"]
[Black "curtintime"]
[Result "1-0"]
[WhiteElo "1254"]
[BlackElo "1245"]
[ECO "A00"]
[TimeControl "2700+45"]

1. g3 e5 2. d3 d5 3. Nf3 Nc6 4. Bg2 Be6 5. O-O Nf6 6. Nbd2 Be7 7. e4 h6 8. exd5
Bxd5 9. Re1 Qd6 10. b3 O-O-O 11. Bb2 Nd7 12. Bh3 g5 13. Nxe5 Bf6 14. Nxf7 Bxf7
15. Ne4 Qf8 16. Bxf6 Kb8 17. Bxd8 Qxd8 18. Qd2 Nde5 19. Bg2 Qc8 20. d4 Rd8 21.
c3 Bh5 22. Qe3 Nf7 23. Nc5 Nd6 24. Bxc6 bxc6 25. Qd3 Rf8 26. Re6 Bf3 27. Rxh6
Rh8 28. Rxh8 Be4 29. Rxc8+ Kxc8 30. Qa6+ Kd8 31. Ne6+ Kd7 32. Nxg5 Bg6 33. Qe2
Bf5 34. Re1 Kc8 35. h4 Kb7 36. h5 Nb5 37. c4 Nc3 38. Qf3 Be4 39. Nxe4 Nxe4 40.
Rxe4 a6 41. h6 Kb6 42. h7 a5 43. h8=Q a4 44. Qb8+ Ka5 45. Qc3+ Ka6 46. Qa8+ Kb6
47. Qb4# {Black checkmated} 1-0

[Event "Team 45 45 League T32"]
[Site "Internet Chess Club"]
[Date "2007.01.26"]
[Round "2"]
[White "JustinZ"]
[Black "Traho"]
[Result "0-1"]
[WhiteElo "1253"]
[BlackElo "1484"]
[ECO "B18"]
[TimeControl "2700+45"]

1. e4 c6 2. d4 d5 3. Nc3 dxe4 4. Nxe4 Bf5 5. Ng3 Bg6 6. Nf3 f6 7. Bc4 Nd7 8. O-O
Nb6 9. b3 Nxc4 10. bxc4 Qc7 11. Re1 O-O-O 12. Nh4 Qd7 13. Nhf5 Bxf5 14. d5 cxd5
15. Qxd5 Qxd5 16. cxd5 Rxd5 17. c4 Re5 18. Rxe5 fxe5 19. Nxf5 g6 20. Ne3 Nf6 21.
Bb2 Nd7 22. f4 Bg7 23. Ng4 Rf8 24. fxe5 Rf4 25. e6 Bxb2 26. exd7+ Kxd7 27. Rb1
Bd4+ 28. Kh1 Kc6 29. Nh6 Kc5 30. g3 Rf2 31. Rxb7 Rf3 32. Rxa7 Kxc4 33. Rxe7 Be3
34. Rxh7 Rf1+ 35. Kg2 Rf2+ 36. Kh3 Rxa2 37. Ng4 Bd4 38. Rg7 Bxg7 {White resigns}
0-1

[Event "Team 45 45 League T32"]
[Site "Internet Chess Club"]
[Date "2007.01.29"]
[Round "2"]
[White "Conjurer"]
[Black "Gomer"]
[Result "1-0"]
[WhiteElo "1258"]
[BlackElo "1347"]
[ECO "A22"]
[TimeControl "2700+45"]

1. c4 e5 2. Nc3 Nf6 3. g3 d5 4. cxd5 Nxd5 5. Bg2 Nxc3 6. bxc3 Nc6 7. Nf3 Bc5 8.
O-O O-O 9. Qc2 Bg4 10. Rb1 Rb8 11. Rd1 Re8 12. d3 Qe7 13. Rb5 a6 14. Rb3 Na5 15.
Rb1 Bb6 16. Qa4 Qc5 17. Be3 Qxc3 18. Qxg4 Bxe3 19. fxe3 Qc2 20. Ng5 Qxa2 21. Ra1
Qc2 22. Rf1 Nb3 23. Bd5 Nxa1 24. Bxf7+ Kh8 25. Bxe8 Rxe8 26. Rxa1 Qb2 27. Rf1 b5
28. Qh5 {Black resigns} 1-0

[Event "Team 45 45 League T32"]
[Site "Internet Chess Club"]
[Date "2007.01.28"]
[Round "2"]
[White "Prop"]
[Black "WilmaP"]
[Result "0-1"]
[WhiteElo "1178"]
[BlackElo "1256"]
[ECO "B40"]
[TimeControl "2700+45"]

1. e4 c5 2. Nf3 e6 3. Bc4 a6 4. c3 d6 5. d4 cxd4 6. cxd4 Nf6 7. e5 dxe5 8. Nxe5
Qc7 9. O-O Nc6 10. Bf4 Bd6 11. Nxc6 Bxf4 12. d5 bxc6 13. dxe6 fxe6 14. Re1 e5
15. Nc3 Bb7 16. g3 Rd8 17. Qb3 Bd2 18. Re2 Bxc3 19. Qxc3 e4 20. Qb3 Rd7 21. Rd1
Nd5 22. Rxe4+ Re7 23. Qf3 Rxe4 24. Qxe4+ Qe7 25. Qf3 Qf6 26. Qe2+ Ne7 27. Bxa6
Bxa6 28. Qxa6 O-O 29. Qe2 Qf3 30. Qxf3 Rxf3 31. Rc1 Rf6 32. b4 Nd5 33. Rc4 Kf8
34. a4 Ke8 35. a5 Kd8 36. a6 Kc8 37. Re4 Kb8 38. b5 cxb5 39. Rd4 Nc3 40. Rd7
Rxa6 41. Rxg7 Ne2+ 42. Kg2 Ra1 43. Rxh7 b4 44. Rh4 b3 45. Rb4+ Kc7 46. Rxb3 Rg1+
47. Kf3 Nd4+ 48. Kg4 Nxb3 49. f4 Kd7 50. Kg5 Nd4 51. f5 Ke7 52. Kg6 Nf3 53. f6+
Kf8 54. Kf5 Nxh2 55. g4 {White resigns} 0-1

[Event "Team 45 45 League T32"]
[Site "Internet Chess Club"]
[Date "2007.01.28"]
[Round "2"]
[White "mambomex"]
[Black "Qualm"]
[Result "1-0"]
[WhiteElo "1798"]
[BlackElo "1812"]
[ECO "C21"]
[TimeControl "2700+45"]

1. e4 e5 2. d4 exd4 3. c3 dxc3 4. Bc4 cxb2 5. Bxb2 d5 6. Bxd5 Bb4+ 7. Nc3 Bxc3+
8. Bxc3 Nf6 9. Nf3 Nxd5 10. exd5 Qe7+ 11. Qe2 Qxe2+ 12. Kxe2 Bg4 13. Rab1 Bc8
14. Bxg7 Rg8 15. Be5 Kd7 16. Rhc1 c6 17. Kf1 a5 18. Bxb8 Rxb8 19. dxc6+ Ke7 20.
cxb7 Rxb7 21. Rxb7+ Bxb7 22. Rc7+ {Black resigns} 1-0

[Event "Team 45 45 League T32"]
[Site "Internet Chess Club"]
[Date "2007.01.26"]
[Round "2"]
[White "siddhu"]
[Black "PiedraBuena"]
[Result "1/2-1/2"]
[WhiteElo "1788"]
[BlackElo "1755"]
[ECO "B00"]
[TimeControl "2700+45"]

1. e4 Nc6 2. d4 d5 3. e5 Bf5 4. c3 e6 5. Ne2 h5 6. Ng3 Nge7 7. Nxf5 Nxf5 8. Bd3
g6 9. Bxf5 gxf5 10. h4 Ne7 11. Bg5 Qd7 12. Nd2 Qb5 13. Qb3 Qxb3 14. Nxb3 b6 15.
a4 a5 16. Ke2 Ng6 17. f4 c5 18. Nd2 Kd7 19. Nf3 Be7 20. g3 Rac8 21. Rac1 Rc7 22.
Rc2 Rhc8 23. Rhc1 Rb7 24. c4 dxc4 25. Rxc4 Rbc7 26. Bxe7 Kxe7 27. dxc5 bxc5 28.
Ne1 Nf8 29. Nd3 Nd7 30. b4 axb4 31. Nxb4 Nb6 32. Na6 Nxc4 33. Nxc7 Rxc7 34. Rxc4
Kd7 35. Kd3 Kc6 36. Kc2 Kd5 37. Kc3 Rb7 38. a5 Kc6 39. Ra4 Kb5 40. Kb3 Ra7 41.
Ra2 Rxa5 42. Rd2 c4+ 43. Kb2 Kb4 44. Rd7 c3+ 45. Kc2 Ra2+ 46. Kb1 c2+ 47. Kc1
Kc3 48. Rc7+ Kd3 49. Rd7+ Ke2 50. Rxf7 Kf2 51. Rg7 Ra3 52. Rg6 Rxg3 53. Rxe6 Kf3
54. Rh6 Kxf4 55. e6 Re3 56. Rg6 Re2 57. Kb2 Kf3 58. Rg5 Rxe6 59. Rxf5+ Kg4 60.
Rc5 Kxh4 61. Kxc2 Rd6 62. Rf5 Kg4 63. Rf7 h4 64. Rg7+ Kf3 65. Rf7+ Kg2 66. Rg7+
Kh2 67. Rg8 h3 68. Rg7 Kh1 69. Rg8 h2 70. Rg7 Rf6 71. Kd2 Rf2+ 72. Ke3 Rg2 73.
Ra7 Rg8 74. Kf2 Rg2+ 75. Kf3 Rg1 76. Kf2 Rg2+ 77. Kf3 {Game drawn by mutual
agreement} 1/2-1/2

[Event "Team 45 45 League T32"]
[Site "Internet Chess Club"]
[Date "2007.01.25"]
[Round "2"]
[White "chipionero"]
[Black "parrot9"]
[Result "1/2-1/2"]
[WhiteElo "1667"]
[BlackElo "1683"]
[ECO "D26"]
[TimeControl "2700+45"]

1. d4 d5 2. c4 dxc4 3. e3 e6 4. Bxc4 Nf6 5. Nf3 a6 6. Nc3 b5 7. Be2 Bb7 8. a3 c5
9. dxc5 Qxd1+ 10. Bxd1 Bxc5 11. b4 Be7 12. Bb2 Nbd7 13. O-O O-O 14. Nd4 Ne5 15.
Be2 Rac8 16. Rfc1 Nc4 17. Bxc4 Rxc4 18. Nce2 Rfc8 19. Rxc4 Rxc4 20. Rc1 Rxc1+
21. Nxc1 Ne4 22. Nf3 f6 23. Kf1 Nd6 24. Ke2 Nc4 25. Nd3 Nxb2 26. Nxb2 e5 27. Ne1
e4 28. Nc2 Bd6 29. g3 Kf7 30. Nd4 Be5 31. Nd1 g6 32. Nc3 Ke7 33. Kd2 Kd7 34. Nb3
Bd6 35. Nd4 Be5 36. Nb3 Bd6 37. Nd4 Be5 {Game drawn by repetition} 1/2-1/2

[Event "Team 45 45 League T32"]
[Site "Internet Chess Club"]
[Date "2007.01.28"]
[Round "2"]
[White "andrew28"]
[Black "EdBorowski"]
[Result "1-0"]
[WhiteElo "1948"]
[BlackElo "1929"]
[ECO "B22"]
[TimeControl "2700+45"]

1. e4 c5 2. c3 Nc6 3. d4 cxd4 4. cxd4 d5 5. exd5 Qxd5 6. Nf3 e6 7. Nc3 Bb4 8.
Be2 Nf6 9. O-O Qa5 10. Bd2 O-O 11. a3 Bxc3 12. Bxc3 Qd8 13. Rc1 Bd7 14. Bd3 Nd5
15. Ne5 Nxe5 16. dxe5 Nxc3 17. Rxc3 Bc6 18. Qh5 g6 19. Qg4 Qd5 20. Re1 Rad8 21.
Qg3 Qa2 22. Rc2 Rd4 23. h4 Rfd8 24. Rd2 h5 25. Bxg6 Rxd2 26. Bb1+ {Black
resigns} 1-0